 Dungeon Crawl Stone Soup version 0.22-a0-815-gb582571 (webtiles) character file.

98 inc the Shield-Bearer (level 4, 30/31 HPs)
             Began as an Octopode Fighter on July 23, 2018.
             Quit the game on level 2 of the Dungeon.
             The game lasted 00:01:58 (2307 turns).

inc the Shield-Bearer (Octopode Fighter)            Turns: 2307, Time: 00:01:59

Health: 30/31      AC:  1    Str: 15    XL:     4   Next: 69%
Magic:  4/4        EV: 12    Int: 13    God:
Gold:   76         SH:  9    Dex: 11    Spells: 3/3 levels left

rFire    . . .     SeeInvis .   a - +0 war axe
rCold    . . .     Gourm    .   b - +0 shield
rNeg     . . .     Faith    .   (helmet restricted)
rPois    .         Spirit   .   (no amulet)
rElec    .         Reflect  .   l - +2 ring of intelligence
rCorr    .         Harm     .   (no ring)
MR       .....                  (no ring)
Stlth    ++........             (no ring)
HPRegen  0.10/turn              (no ring)
MPRegen  0.09/turn              (no ring)
                                (no ring)
                                (no ring)

@: no status effects
A: almost no armour, stealthy swim, amphibious, 8 rings, constrict 8, camouflage
1, gelatinous body 1
a: no special abilities


You were on level 2 of the Dungeon.
You were not hungry.

You visited 1 branch of the dungeon, and saw 2 of its levels.

You collected 76 gold pieces.

Inventory:

Hand Weapons
 a - a +0 war axe (weapon)
Armour
 b - a +0 shield (worn)
Jewellery
 l - a +2 ring of intelligence (left tentacle)
Scrolls
 f - a scroll of random uselessness {unknown}
 g - 2 scrolls of fear {unknown}
 i - a scroll of remove curse {unknown}
 m - 3 scrolls of identify {unknown}
 n - a scroll of enchant weapon {unknown}
 o - a scroll of fog {unknown}
Potions
 c - 2 potions of might
 e - 2 potions of curing {unknown}
 h - 2 potions of agility {unknown}
 j - a potion of haste {unknown}
 k - a potion of flight {unknown}
 p - 2 potions of berserk rage {unknown}
 q - a potion of ambrosia {unknown}
 s - a potion of brilliance {unknown}
Comestibles
 d - 5 rations


   Skills:
 - Level 3.0 Fighting
 - Level 2.0 Axes
 - Level 3.0 Dodging
 + Level 5.3 Shields


You had 3 spell levels left.
You didn't know any spells.
Your spell library was empty.

Dungeon Overview and Level Annotations

Branches:
Dungeon (2/15)

Altars:


Innate Abilities, Weirdness & Mutations

You cannot wear most types of armour.
You are very stealthy in the water. (Stealth+)
You are amphibious.
You can wear up to eight rings at the same time.
You can use your tentacles to constrict eight enemies at once.
Your skin changes colour to match your surroundings (Stealth+).
Your rubbery body absorbs attacks. (AC +1, EV +1)


Message History

You block the slug dart.
You hit the dart slug. You grab the dart slug.
The dart slug is moderately wounded.
You constrict the dart slug. You block the dart slug's attack.
You slash the dart slug!
You kill the dart slug!
No target in view!
No target in view!
No target in view!
No target in view!
No target in view!
m - 3 scrolls labeled LUTZYNGOADA (gained 1)
You open the large door.
There is a large open door here.
There is a large open door here.
Partly explored, unopened runed door.
Partly explored, unopened runed door.
Autopickup is now off.
Okay, then.
Are you sure you want to abandon this character and quit the game? (Confirm with "yes".)

#..........'...........
####.......#......###.#
#########......###'#
#......##...
####...##... #...##...
####### #...##...
###...#.### ######...
##...#..#.@## #...
#......####.+ ######...
#..#..## ### #........
#.##### ######### #.#
#.# ## #.# ######### #.
#.# ######.......# ###.
#.# #............# #...


There were no monsters in sight!

Vanquished Creatures
  A hound (D:2)
  An adder (D:2)
  An ooze (D:2)
  3 dart slugs
  A leopard gecko (D:2)
  2 giant cockroaches (D:2)
  6 hobgoblins
  5 kobolds (D:2)
  A ball python (D:2)
  7 bats
  4 frilled lizards
  9 goblins
  5 rats
46 creatures vanquished.

Notes
Turn   | Place    | Note
-------+----------+-------------------------------------------
     0 | D:1      | inc the Octopode Fighter began the quest for the Orb.
     0 | D:1      | Reached XP level 1. HP: 16/16 MP: 1/1
   199 | D:1      | Reached XP level 2. HP: 21/21 MP: 2/2
   817 | D:1      | Reached skill level 4 in Shields
   848 | D:1      | Reached XP level 3. HP: 26/26 MP: 3/3
   985 | D:2      | Reached XP level 4. HP: 8/31 MP: 4/4
  1437 | D:2      | Reached skill level 5 in Shields
  2302 | D:2      | Found a runed door.
  2307 | D:2      | Quit the game

Vault maps used:
D:1:      ebering_trefoil_twist
D:2:      first_ration, uniq_crazy_yiuf_cottage

Skill      XL: |  1  2  3  4 |
---------------+-------------+-----
Shields        | 4 5 |  5.3
Fighting       | |  3.0
Axes           | |  2.0
Dodging        | |  3.0

Action                   |  1- 3 |  4- 6 || total
-------------------------+-------+-------++-------
Melee: War axe           |    49 |    47 ||    96
       Constrict         |    17 |    11 ||    28
       Tentacles         |     5 |    10 ||    15
 Stab: Sleeping          |     2 |     3 ||     5
  Eat: Chunk             |       |     4 ||     4
Armor: Skin              |     9 |     3 ||    12
Dodge: Dodged            |    31 |    17 ||    48
Block: Shield            |    32 |    31 ||    63

Table legend:
 A = Spawn XP
 B = Non-spawn XP
 C = Spawn XP percentage of total XP
 D = Spawn monster count
 E = Non-spawn monster count
 F = Spawn count percentage of total count
 G = Total turns spent on level
                    A         B        C        D         E        F      G
               +---------+---------+-------+---------+---------+-------+---------
         Total |       0 |     140 |   0.0 |       0 |      46 |   0.0 |  2307
               +---------+---------+-------+---------+---------+-------+---------
           D:1 |       0 |      36 |   0.0 |       0 |      20 |   0.0 |   967
           D:2 |       0 |     104 |   0.0 |       0 |      26 |   0.0 |  1340
               +---------+---------+-------+---------+---------+-------+---------
